[Event "*** Titled Tuesday Blitz"]
[Site "Chess.com"]
[Date "2019.08.06"]
[Round "1"]
[White "gena217"]
[Black "Litti"]
[Result "1-0"]
[WhiteElo "2935"]
[BlackElo "2485"]
[TimeControl "180+2"]
[EndTime "13:07:46 PDT"]
[Termination "gena217 won by resignation"]

1. e4 c5 2. Nf3 e6 3. g3 Nc6 4.
Bg2 Nf6 5. d3 d5 6. Qe2 Be7 7.
O-O O-O 8. e5 Nd7 9. c4 a6 10. Bf4 b5 11. h4 Nb6 12. Nbd2 Bb7 13. Rad1 Re8 14. b3 Bf8 15. Rfe1 Qd7 16. h5 Rad8 17.
h6 g6 18. Nf1 Qc8 19. N1h2 dxc4 20. dxc4 bxc4 21. bxc4 Nd4 22. Nxd4 Bxg2 23. Kxg2 Rxd4 24. Rxd4 cxd4 25. Ng4 Rd8 26. Bg5 d3 27. Qf3 Rd4 28. Nf6+ Kh8 29. Be3 d2 30. Rd1 Qxc4 31. Bxd4 Qxd4 32.
Ng4 Nc4 33. Qxf7 Qe4+ 34. Kg1 Qf5 35. Nf6 1-0

[Event "*** Titled Tuesday Blitz"]
[Site "Chess.com"]
[Date "2019.08.06"]
[Round "1"]
[White "IMDT02"]
[Black "kinga2008"]
[Result "1-0"]
[WhiteElo "2523"]
[BlackElo "1910"]
[TimeControl "180+2"]
[EndTime "13:07:47 PDT"]
[Termination "IMDT02 won on time"]

1. d4 g6 2. c4 Bg7 3. Nc3 d6 4. e4 Nd7 5. Be3 a6 6. f3 e5 7. Nge2 Ne7 8. Qd2 O-O 9. g4 f5 10. gxf5 gxf5 11. Rg1 f4 12. Bf2 Ng6 13. O-O-O Nh4 14.
Qd3 exd4 15. Bxd4 Ng6 16. Bxg7 Kxg7 17. Nd4 Ne5 18. Qc2 Kh8 19. c5 Qh4 20. cxd6 cxd6 21. Kb1 Bh3 22. Be2 Bd7 23. Rg2 Bh3 24. Rgg1 Bd7 25.
Nf5 Bxf5 26. exf5 Ne7 27. f6 Qxf6 28. Ne4 Qh6 29. Nxd6 1-0

[Event "*** Titled Tuesday Blitz"]
[Site "Chess.com"]
[Date "2019.08.06"]
[Round "1"]
[White "jefferyx"]
[Black "Naruto-K"]
[Result "1-0"]
[WhiteElo "2923"]
[BlackElo "2483"]
[TimeControl "180+2"]
[EndTime "13:07:48 PDT"]
[Termination "jefferyx won by resignation"]

1. d4 Nf6 2. c4 d6 3. Nf3 g6 4. g3 Bg7 5. Bg2 O-O 6. O-O c6 7. Nc3 Nbd7 8. e4 e5 9. h3 Re8 10. Be3 a5 11. Qc2 Qc7 12. d5 Nc5 13. Nd2 Nfd7 14. Rae1 a4 15. f4 Qa5 16. f5 Nb6 17. Rb1 Na6 18. Qd1 Nb4 19. Qf3 Kh8 20.
fxg6 fxg6 21. Qf7 Bd7 22. Kh2 Red8 23. Bg5 Rf8 24. Qe7 Qc5 25. Bf6 Rxf6 26. Rxf6 Bxf6 27. Qxf6+ Kg8 28. Rf1 Re8 29. h4 Nc2 30. Bh3 Ne3 31. Qf7+ Kh8 32. Qf6+ Kg8 33. Qf7+ Kh8 34. Bxd7 Nxf1+ 35.
Nxf1 Ra8 36. Qf6+ 1-0

[Event "*** Titled Tuesday Blitz"]
[Site "Chess.com"]
[Date "2019.08.06"]
[Round "1"]
[White "chesstatour"]
[Black "Kargan90"]
[Result "0-1"]
[WhiteElo "2005"]
[BlackElo "2530"]
[TimeControl "180+2"]
[EndTime "13:07:54 PDT"]
[Termination "Kargan90 won by checkmate"]

1. d4 Nf6 2. c4 e6 3. g3 c5 4. Nf3 cxd4 5. Nxd4 d5 6. cxd5 Qxd5 7. Rg1 Bc5 8. e3 e5 9. Nb5 Qxd1+ 10. Kxd1 Na6 11.
N1c3 Bg4+ 12. Be2 O-O-O+ 13. Kc2 Nb4+ 14. Kb3 a6 15. Na3 Nd3 16. Bxd3 Rxd3 17. Kc4 Rxc3+ 18. bxc3 Ne4 19. Nc2 Rd8 20. Kb3 Nxf2 21. Ba3 Be6+ 22. c4 Rd3+ 23. Kb2 Bxa3+ 24. Nxa3 Rxe3 25. Rgf1 Re2+ 26. Kc3 f6 27. Nc2 b5 28. cxb5 axb5 29. Rae1 Ne4+ 30.
Kd3 Bc4# 0-1

[Event "*** Titled Tuesday Blitz"]
[Site "Chess.com"]
[Date "2019.08.06"]
[Round "1"]
[White "ElHelvetico"]
[Black "Mostii"]
[Result "1-0"]
[WhiteElo "2700"]
[BlackElo "2356"]
[TimeControl "180+2"]
[EndTime "13:07:57 PDT"]
[Termination "ElHelvetico won on time"]

1. e4 e6 2. d4 d5 3. Nc3 Nf6 4. Bg5 Be7 5. e5 Nfd7 6. h4 h6 7. Bxe7 Qxe7 8. f4 a6 9. Nf3 c5 10. Ne2 Nc6 11. g4 cxd4 12. Qd2 b5 13. Nexd4 Nxd4 14. Nxd4 Bb7 15. O-O-O O-O-O 16. Kb1 Kb8 17. Rh3 Rc8 18.
Re3 Rc7 19. h5 Rhc8 20. f5 Nb6 21. Qa5 Nc4 22. Bxc4 Rxc4 23. fxe6 fxe6 24. Qb6 Qg5 25. Ree1 Qxg4 26. Rg1 Qxh5 27. Qxe6 g5 28. Qd6+ Ka8 29. e6 Qe8 30. Rgf1 R4c7 31. a3 Re7 32.
Rde1 Rc4 33. Nf5 Rc6 34. Qxe7 1-0

[Event "*** Titled Tuesday Blitz"]
[Site "Chess.com"]
[Date "2019.08.06"]
[Round "1"]
[White "GeorgeTen"]
[Black "ChessQueen"]
[Result "0-1"]
[WhiteElo "2260"]
[BlackElo "2632"]
[TimeControl "180+2"]
[EndTime "13:08:01 PDT"]
[Termination "ChessQueen won by resignation"]

1. d4 Nf6 2. c4 e6 3. Nf3 d5 4. cxd5 exd5 5. Nc3 g6 6. Bg5 Bg7 7. e3 O-O 8. Be2 c6 9. O-O h6 10. Bh4 g5 11. Bg3 Bf5 12. Rc1 Nbd7 13. Na4 Ne4 14. Nd2 Nxg3 15. hxg3 Re8 16. Nc5 Nxc5 17.
Rxc5 Qe7 18. a3 Bxd4 19. exd4 Qxe2 20. b4 Qxd1 21. Rxd1 a6 22. a4 Re2 23. Rc3 h5 24.
Re3 Rxe3 25. fxe3 a5 26. b5 cxb5 27. axb5 a4 28. Ra1 b6 29. Nb1 Bd3 30. Nc3 a3 31.
Nxd5 Bxb5 32. Nxb6 Ra6 33. Nd5 Bc4 34. Nb4 Ra4 35.
Na2 Ra8 36. Kf2 Rb8 37. Kf3 Bd5+ 38. Ke2 Rb2+ 39. Kd3 Bxa2 0-1

[Event "*** Titled Tuesday Blitz"]
[Site "Chess.com"]
[Date "2019.08.06"]
[Round "1"]
[White "ALEXJR20"]
[Black "area_5"]
[Result "0-1"]
[WhiteElo "2180"]
[BlackElo "2578"]
[TimeControl "180+2"]
[EndTime "13:08:03 PDT"]
[Termination "area_5 won by resignation"]

1. c4 Nf6 2. Nc3 e6 3. e4 c5 4. e5 Ng8 5. Nf3 Nc6 6. d4 cxd4 7. Nxd4 Nxe5 8. Ndb5 a6 9. Nd6+ Bxd6 10. Qxd6 f6 11.
Be2 Ne7 12. Be3 Nf5 13. Qb6 Nxe3 14. Qxe3 O-O 15. O-O d6 16. Rfd1 Qc7 17. Rac1 Nf7 18. Bh5 g6 19. Qg3 Kh8 20. Be2 f5 21. c5 Qxc5 22. Nd5 Qa5 23. Nc7 Rb8 24. Rxd6 Qe5 25. Qxe5+ Nxe5 26. f4 Nf7 27. Rb6 e5 28. Bc4 exf4 29.
Rf6 Kg7 30. Rxf7+ Rxf7 31. Ne8+ Kf8 32. Bxf7 Kxf7 33. Nd6+ Ke6 34. Rxc8 Rxc8 35. Nxc8 b5 36. Kf2 g5 37. Kf3 h6 38. Na7 Kd7 39. g3 fxg3 40. hxg3 Kc7 41. g4 fxg4+ 42. Kxg4 Kb7 43. Nxb5 axb5 0-1

[Event "*** Titled Tuesday Blitz"]
[Site "Chess.com"]
[Date "2019.08.06"]
[Round "1"]
[White "GelmanAlexander"]
[Black "ClockworkKubrick"]
[Result "0-1"]
[WhiteElo "2559"]
[BlackElo "2196"]
[TimeControl "180+2"]
[EndTime "13:08:04 PDT"]
[Termination "ClockworkKubrick won by resignation"]

1. d4 d6 2. e4 Nf6 3. Nc3 g6 4. f4 Bg7 5. Nf3 O-O 6. e5 Nfd7 7. h4 c5 8. e6 fxe6 9. h5 gxh5 10. Bd3 Nf6 11. Ne4 Nxe4 12. Bxe4 Nd7 13. Ng5 Nf6 14. Rxh5 h6 15. Bg6 e5 16. Nf3 cxd4 17.
fxe5 Nxh5 18. Bxh5 dxe5 19. Qe2 Qb6 20. Bg6 Qxg6 21.
Bd2 Qxc2 22. Rc1 Qf5 23. Rc7 Be6 24. Rxe7 Rf7 25. Nh4 Qf6 26. Rxf7 Bxf7 27. Qg4 Rf8 28. Kd1 Kh7 29. Qe4+ Bg6 30. Nxg6 Qxg6 31. Qxb7 e4 32. Qd5 e3 33. Bb4 Rf1+ 34. Ke2 Rf2+ 35. Ke1 Qd3 0-1

[Event "*** Titled Tuesday Blitz"]
[Site "Chess.com"]
[Date "2019.08.06"]
[Round "1"]
[White "chito89"]
[Black "ama18"]
[Result "1-0"]
[WhiteElo "2833"]
[BlackElo "2421"]
[TimeControl "180+2"]
[EndTime "13:08:06 PDT"]
[Termination "chito89 won by resignation"]

1. e4 c5 2. Nf3 e6 3. g3 Nc6 4.
Bg2 Nf6 5. Qe2 Be7 6. O-O d5 7. e5 Nd7 8. d3 b6 9. c4 dxc4 10. dxc4 Bb7 11. Rd1 Qc7 12. Nc3 a6 13. h4 O-O-O 14.
Bf4 h6 15. Nd5 Qb8 16. Rac1 Rhg8 17. h5 Qa8 18. a3 Rge8 19. b4 cxb4 20. axb4 Nxb4 21.
Nxe7+ Rxe7 22. Rd6 Kc7 23. Rcd1 a5 24. Be3 Ree8 25.
Qd2 Nc5 26. Bxc5 bxc5 27. Qe3 Na6 28. Qf4 Rxd6 29. exd6+ Kb6 30. d7 Rd8 31. Qxf7 Nb4 32. Qxe6+ Ka7 33. Qe7 Na6 34. Nh4 Bxg2 35. Nxg2 a4 36. Nf4 Qb8 37. Ne6 Qb3 38. Rf1 1-0

[Event "*** Titled Tuesday Blitz"]
[Site "Chess.com"]
[Date "2019.08.06"]
[Round "1"]
[White "SantoBlue"]
[Black "ahachess"]
[Result "1-0"]
[WhiteElo "2812"]
[BlackElo "2405"]
[TimeControl "180+2"]
[EndTime "13:08:08 PDT"]
[Termination "SantoBlue won by resignation"]

1. c4 Nf6 2. Nc3 g6 3. g3 Bg7 4.
Bg2 d6 5. Nf3 O-O 6. d4 Nc6 7.
O-O Rb8 8. Re1 a6 9. Rb1 Bd7 10.
e4 e5 11. d5 Na5 12. c5 Qe7 13. b4 Nc4 14. Bf1 b5 15. c6 Bg4 16. h3 Bxf3 17.
Qxf3 Nh5 18. a4 f5 19. axb5 axb5 20. Nxb5 fxe4 21. Qxe4 Nb6 22. Nc3 Qf7 23. Be3 Kh8 24. Bg2 Nf6 25. Qd3 Nc8 26. b5 Nb6 27. Ra1 Nc8 28. Ra6 Ne7 29. b6 Nf5 30. b7 Nxe3 31. Qxe3 Nh5 32. Rea1 Bf6 33. Ne4 Bg7 34. Ra8 Qg8 35.
Rxb8 Rxb8 36. Bf3 Nf6 37. Nxf6 Bxf6 38. Qe4 Kg7 39. Bg4 h5 40. Be6 Qd8 41. Ra6 Qe7 42.
h4 Kh6 43. Ra8 Qf8 44. Qe3+ Kh7 45. Qa7 Rxa8 46. bxa8=Q Qe7 47. Q7b8 Bg7 48. Qg8+ Kh6 49. Qad8 1-0

[Event "*** Titled Tuesday Blitz"]
[Site "Chess.com"]
[Date "2019.08.06"]
[Round "1"]
[White "Vuk2000"]
[Black "timator"]
[Result "0-1"]
[WhiteElo "2712"]
[BlackElo "2412"]
[TimeControl "180+2"]
[EndTime "13:08:09 PDT"]
[Termination "timator won by resignation"]

1. d4 Nf6 2. Bg5 d5 3. Bxf6 exf6 4. e3 g6 5. g3 Bg7 6. Bg2 O-O 7. Ne2 b5 8. a4 bxa4 9. c4 Bb7 10. Nbc3 c6 11.
Qxa4 Nd7 12. c5 Qc7 13. b4 a6 14. O-O f5 15. Nf4 Nf6 16. Qa5 Qd7 17. Na4 Qe7 18. Nb6 Rae8 19. Rfe1 Ne4 20. Bf1 g5 21. Ng2 Nd2 22. Be2 Nb3 23. Qa2 Nxa1 24. Rxa1 Bh6 25. Bxa6 Bxa6 26. Qxa6 f4 27. exf4 gxf4 28. Nh4 Qe4 29.
Nd7 Bg5 30. Qxc6 Re6 31. Qc7 f3 32. Rf1 Rfe8 33. Kh1 Qe1 34. Nxf3 Qxf1+ 35. Ng1 Re1 0-1

[Event "*** Titled Tuesday Blitz"]
[Site "Chess.com"]
[Date "2019.08.06"]
[Round "1"]
[White "wonderfultime"]
[Black "Slovak_fighter2000"]
[Result "1-0"]
[WhiteElo "2882"]
[BlackElo "2456"]
[TimeControl "180+2"]
[EndTime "13:08:10 PDT"]
[Termination "wonderfultime won by resignation"]

1. d4 Nf6 2. Nf3 g6 3. c4 Bg7 4. g3 O-O 5. Bg2 d6 6. O-O a6 7. Nc3 Nc6 8. Bf4 Rb8 9. Rc1 h6 10. h3 Bd7 11. Qd2 Kh7 12. e4 Nh5 13. Be3 e5 14. Rfd1 exd4 15. Nxd4 Re8 16. b3 Nf6 17. Kh2 Nxd4 18. Bxd4 Bc6 19. Re1 Nd7 20. Rcd1 Bxd4 21. Qxd4 Qf6 22. Qd2 b5 23. cxb5 axb5 24. Rc1 Ba8 25.
Nd5 Bxd5 26. Qxd5 c5 27. f4 Qe7 28. Red1 Rb6 29. e5 Rd8 30. exd6 Qf8 31. a4 bxa4 32.
bxa4 Ra6 33. Qc4 Ra5 34. Bc6 Nb8 35. Bb5 Nd7 36. Rc2 Ra7 37. Re2 Re8 38. Rde1 Rxe2+ 39. Rxe2 Kg7 40. Re7 1-0

[Event "*** Titled Tuesday Blitz"]
[Site "Chess.com"]
[Date "2019.08.06"]
[Round "1"]
[White "rst2003"]
[Black "AtabayevSaparmyrat"]
[Result "0-1"]
[WhiteElo "2221"]
[BlackElo "2613"]
[TimeControl "180+2"]
[EndTime "13:08:12 PDT"]
[Termination "AtabayevSaparmyrat won by checkmate"]

1. e4 c5 2. Nf3 d6 3. d4 cxd4 4. Nxd4 Nf6 5. Nc3 a6 6. Be3 e5 7. Nb3 Be7 8. f3 O-O 9. Qd2 Be6 10. O-O-O Nbd7 11. g4 b5 12. g5 b4 13. Ne2 Ne8 14. f4 a5 15. f5 Bxb3 16. cxb3 a4 17. bxa4 Rxa4 18. Kb1 Qa8 19. Nc1 Qxe4+ 20. Bd3 Qb7 21.
Qc2 b3 22. Nxb3 e4 23. Bc4 Qc7 24. g6 Qxc4 25. Qg2 fxg6 26. fxg6 h6 27. Rd4 Qa6 28. Qxe4 Rxd4 29. Bxd4 Ne5 30. Bxe5 dxe5 31. Qxe5 Rf1+ 32. Rxf1 Qd3+ 33. Kc1 Bg5+ 34. Qxg5 Qxf1+ 35. Kc2 hxg5 36. a4 Qg2+ 37. Kc3 Qxh2 38. a5 g4 39. a6 Qb8 40.
Nc5 Qa7 41. b4 g3 42. Kc4 g2 43. b5 g1=Q 44. Ne6 Qc1+ 45. Kd5 Qd7+ 46. Ke5 Qe1+ 47.
Kf5 Qdxe6+ 48. Kf4 Q1e3# 0-1

[Event "*** Titled Tuesday Blitz"]
[Site "Chess.com"]
[Date "2019.08.06"]
[Round "1"]
[White "Chess_Boxer123"]
[Black "bascheyaro"]
[Result "1-0"]
[WhiteElo "2396"]
[BlackElo "2713"]
[TimeControl "180+2"]
[EndTime "13:08:13 PDT"]
[Termination "Chess_Boxer123 won on time"]

1. d4 Nf6 2. Bf4 d5 3. e3 Bf5 4. c4 e6 5. Nc3 c6 6. Qb3 Qc8 7.
Nf3 Be7 8. h3 O-O 9. Be2 h6 10.
O-O Nbd7 11. Rac1 Re8 12. cxd5 exd5 13. Nb5 g5 14. Bg3 Ne4 15. Bh2 Bd8 16. Rfd1 a6 17.
Nd6 Nxd6 18. Bxd6 Nf6 19. Bh2 Ne4 20. Ne5 Bc7 21. Nf3 Bxh2+ 22. Nxh2 Qb8 23. Ng4 Bxg4 24. Bxg4 Re7 25. Bf5 Nd6 26. Bd3 f5 27. Re1 Qf8 28. Qd1 Rae8 29. Qh5 Qf6 30. Re2 Kg7 31. Rce1 Qf7 32.
Qxf7+ Kxf7 33. f3 Kf6 34. Kf2 Re6 35. g4 R8e7 36. b4 fxg4 37. hxg4 Kg7 38. a4 Rf6 39.
Kg3 Ref7 40. Rf2 Rf8 41. a5 Re6 42. e4 Rf4 43. Rfe2 Ref6 44. e5 Rxf3+ 45. Kg2 R6f4 46.
exd6 Rxd3 47. d7 Rxg4+ 48. Kh1 1-0

[Event "*** Titled Tuesday Blitz"]
[Site "Chess.com"]
[Date "2019.08.06"]
[Round "1"]
[White "promen1999"]
[Black "ChadBiryani"]
[Result "1-0"]
[WhiteElo "2725"]
[BlackElo "2375"]
[TimeControl "180+2"]
[EndTime "13:08:16 PDT"]
[Termination "promen1999 won by resignation"]

1. d4 Nf6 2. c4 e5 3. dxe5 Ng4 4. Bf4 g5 5. Bg3 Bg7 6. e3 Nxe5 7. Nc3 Nbc6 8. a3 a5 9. Qc2 d6 10. O-O-O O-O 11.
h4 g4 12. f4 Nd7 13. Bd3 h5 14. Nge2 Nc5 15. e4 a4 16. Kb1 Bd7 17. f5 Ne5 18. Nf4 Nexd3 19. Nxd3 Nxd3 20. Rxd3 Bc6 21. Nd5 Re8 22.
Re1 Rb8 23. c5 Bb5 24. Rd2 dxc5 25. Nf4 Qe7 26. Nxh5 Be5 27. f6 Bxf6 28. e5 Bg7 29. Re4 Bd7 30. Nxg7 Kxg7 31. Rf4 Be6 32. Rf6 Rbd8 33.
Qc1 Rh8 34. Bf4 Rxd2 35. Bxd2 Qd7 36. Bh6+ Kh7 37. Qc2+ Kg8 38. Rg6+ Kh7 39. Rxe6+ f5 40.
Qxf5+ Kg8 41. Rg6+ Kh7 42. Qxd7+ Kxg6 43. Qg7+ 1-0

[Event "*** Titled Tuesday Blitz"]
[Site "Chess.com"]
[Date "2019.08.06"]
[Round "1"]
[White "RandomOracle"]
[Black "Blazinq"]
[Result "0-1"]
[WhiteElo "2201"]
[BlackElo "2594"]
[TimeControl "180+2"]
[EndTime "13:08:17 PDT"]
[Termination "Blazinq won on time"]

1. d4 d5 2. c4 e6 3. Nf3 Nf6 4. g3 Bb4+ 5. Bd2 Be7 6. Bg2 c6 7.
Qc2 b6 8. O-O Nbd7 9. cxd5 cxd5 10. Nc3 O-O 11. Rfc1 Ba6 12. Qa4 Bb7 13. Bf4 a6 14.
Ne5 b5 15. Qb3 Nxe5 16. Bxe5 Nd7 17. Bc7 Qxc7 18. Nxd5 Qxc1+ 19. Rxc1 Bxd5 20. Bxd5 exd5 21. Rc7 Rad8 22. Qxd5 Nf6 23. Qf3 Bd6 24. Rc6 Rfe8 25.
Rxa6 Ne4 26. e3 Re7 27. Rb6 b4 28. Qf5 Rde8 29. Kg2 g6 30. Qd5 Bc7 31. Rxb4 h5 32. Rb7 h4 33. b4 h3+ 34. Kxh3 Nxf2+ 35. Kg2 Nd1 36. Qf3 Nxe3+ 37. Kh3 Kg7 0-1

[Event "*** Titled Tuesday Blitz"]
[Site "Chess.com"]
[Date "2019.08.06"]
[Round "1"]
[White "AntonSmirnov"]
[Black "Keithonsky"]
[Result "1-0"]
[WhiteElo "2875"]
[BlackElo "2441"]
[TimeControl "180+2"]
[EndTime "13:08:18 PDT"]
[Termination "AntonSmirnov won by resignation"]

1. e4 e6 2. d4 d5 3. Nc3 Nc6 4.
e5 Nge7 5. Nf3 Nf5 6. h4 Be7 7.
g3 b6 8. Bb5 Bb7 9. O-O a6 10.
Be2 Qd7 11. Kg2 h6 12. h5 f6 13. g4 Nfxd4 14. Nxd4 fxe5 15. Nxc6 Bxc6 16. f3 b5 17. Bd3 O-O-O 18. a4 b4 19. Bxa6+ Kb8 20. Ne2 e4 21.
Nd4 exf3+ 22. Qxf3 Ba8 23. Bf4 Bd6 24. Bxd6 Qxd6 25.
Qe2 e5 26. Nf5 d4+ 27. Kh3 Qf6 28. Bd3 Qc6 29. Ng3 Qd7 30. Be4 Bxe4 31. Nxe4 d3 32. Qxd3 Qxd3+ 33. cxd3 Rxd3+ 34. Kg2 Rhd8 35. Rae1 Rb3 36.
Re2 Rd4 37. Rf7 c5 38. Rxg7 c4 39. Nc5 Rxb2 40. Rxb2 c3 41. Rc2 Rd2+ 42. Rxd2 cxd2 43.
Rd7 1-0

[Event "*** Titled Tuesday Blitz"]
[Site "Chess.com"]
[Date "2019.08.06"]
[Round "1"]
[White "OparinGrigoriy"]
[Black "IakovUlivar"]
[Result "1-0"]
[WhiteElo "3007"]
[BlackElo "2505"]
[TimeControl "180+2"]
[EndTime "13:08:19 PDT"]
[Termination "OparinGrigoriy won on time"]

1. Nf3 Nf6 2. g3 g6 3. Bg2 Bg7 4. c4 O-O 5. Nc3 d6 6. O-O c6 7.
d4 Bf5 8. Ng5 e5 9. e4 Bg4 10.
f3 exd4 11. Qxd4 Nd5 12. Qf2 Nxc3 13. fxg4 Bd4 14. Be3 Bxe3 15. Qxe3 Na4 16. e5 dxe5 17. b3 Qb6 18. Rae1 Qxe3+ 19. Rxe3 Nc5 20. Rxe5 Nbd7 21. Re7 f6 22. Nxh7 Rf7 23. Rxf7 Kxf7 24. Nxf6 Nxf6 25. g5 Nd7 26. gxf6 Nxf6 27. Rd1 Re8 28. Bf3 Re3 29.
Kf2 Rc3 30. Rd2 Rc1 31. h4 a5 32. g4 Ke7 33. g5 Nd7 34. Re2+ Kd6 35. h5 gxh5 36. Bxh5 Ne5 37. g6 Nxg6 38. Bxg6 Kc5 39.
Ke3 Kb4 40. Bf7 Rc3+ 41. Kd4 Rf3 42. Be6 b5 43. cxb5 cxb5 44. Kd5 a4 45. bxa4 bxa4 46. Kc6 Rc3+ 47. Kb6 Rg3 48. Re4+ Ka3 49. Re5 Rg2 50.
Ka5 1-0

[Event "*** Titled Tuesday Blitz"]
[Site "Chess.com"]
[Date "2019.08.06"]
[Round "1"]
[White "MarcoRiehle"]
[Black "JSMastropiero"]
[Result "0-1"]
[WhiteElo "2641"]
[BlackElo "2330"]
[TimeControl "180+2"]
[EndTime "13:08:19 PDT"]
[Termination "JSMastropiero won by checkmate"]

1. e4 e6 2. c4 d5 3. cxd5 exd5 4.
Qb3 Nf6 5. e5 Ne4 6. Nf3 Nc6 7.
Nc3 Nxc3 8. dxc3 Bc5 9. Bd3 O-O 10. Bf4 d4 11. O-O-O Be6 12. Qc2 h6 13. cxd4 Be7 14.
a3 Na5 15. d5 Bxd5 16. Be4 c6 17. Bxd5 cxd5 18. Kb1 Rc8 19. Qd3 Nc4 20. Qb3 Qd7 21. Bg3 Rfd8 22. Ka2 b5 23. Rd3 a5 24. Rhd1 Qb7 25. a4 Bb4 26. Nd4 bxa4 27. Qxa4 Nxb2 28.
Qb5 Qxb5 29. Nxb5 Nxd3 30. Rxd3 Rc2+ 31. Kb3 Re2 32. Nc7 d4 33. Nb5 Rb8 34. Nxd4 Be1+ 35. Kc4 Bxf2 36. Nxe2 Bxg3 37. Nxg3 g6 38. Ra3 Rb4+ 39.
Kd3 Rb2 40. Rxa5 Rxg2 41. Ne4 Rxh2 42. Ra7 g5 43. Ke3 Rb2 44. Nd6 Rb3+ 45. Ke4 Rb4+ 46. Kf5 Rf4# 0-1

[Event "*** Titled Tuesday Blitz"]
[Site "Chess.com"]
[Date "2019.08.06"]
[Round "1"]
[White "SanchezKelvin"]
[Black "platy3"]
[Result "0-1"]
[WhiteElo "2439"]
[BlackElo "2874"]
[TimeControl "180+2"]
[EndTime "13:08:24 PDT"]
[Termination "platy3 won by resignation"]

1. d4 Nf6 2. c4 e6 3. Nf3 d5 4.
Nc3 c6 5. Bg5 Nbd7 6. e3 h6 7.
Bxf6 Nxf6 8. Qc2 Qa5 9. cxd5 exd5 10. Bd3 Bd6 11. Ne5 Qc7 12. f4 O-O 13. O-O-O a5 14. Kb1 a4 15. h3 Qa5 16. g4 a3 17. b3 Bb4 18. Ne2 Ne8 19. h4 Nd6 20. g5 h5 21. Ng3 Nb5 22. Bxb5 cxb5 23. Nxh5 Be6 24. f5 Rac8 25. Qf2 Bd6 26. fxe6 fxe6 27. Nf4 Bxe5 28. dxe5 Qc3 29. Qd2 Qxe5 30. Rc1 Rc6 31. Rxc6 bxc6 32.
Rc1 d4 33. Ng6 Qe4+ 34. Qc2 d3 35. Ne7+ Kh7 36. Qd2 Rf2 37. g6+ Kh6 38. Ng8+ Kxg6 39. Qxf2 d2+ 0-1

[Event "*** Titled Tuesday Blitz"]
[Site "Chess.com"]
[Date "2019.08.06"]
[Round "1"]
[White "Agent-JL"]
[Black "GMMarcinDziuba"]
[Result "0-1"]
[WhiteElo "2356"]
[BlackElo "2694"]
[TimeControl "180+2"]
[EndTime "13:08:25 PDT"]
[Termination "GMMarcinDziuba won on time"]

1. d4 Nf6 2. c4 g6 3. Nc3 Bg7 4.
e4 d6 5. Nf3 O-O 6. Be2 c5 7. d5 e6 8. O-O exd5 9. cxd5 Re8 10. Nd2 b6 11. Re1 Ba6 12. a4 Bxe2 13. Rxe2 Nbd7 14.
Qc2 a6 15. f4 b5 16. axb5 axb5 17. Rxa8 Qxa8 18. Nxb5 Qa6 19. Nc3 Nxd5 20. Nf3 Nxc3 21.
bxc3 Bxc3 22. Kf2 Bg7 23. Bb2 Nf6 24. Bxf6 Bxf6 25. e5 dxe5 26. Qxc5 e4 27. Ne5 Bxe5 28. fxe5 Qe6 29. Rxe4 Qf5+ 30. Ke3 Rb8 31. Qc2 Qf1 32. Rf4 Qe1+ 33. Kf3 Qxe5 34. h4 Rb2 35. Qc4 Qe8 36. Re4 Qb8 0-1

[Event "*** Titled Tuesday Blitz"]
[Site "Chess.com"]
[Date "2019.08.06"]
[Round "1"]
[White "AndrewMaco"]
[Black "DACF2905"]
[Result "1-0"]
[WhiteElo "2603"]
[BlackElo "2216"]
[TimeControl "180+2"]
[EndTime "13:08:25 PDT"]
[Termination "AndrewMaco won by resignation"]

1. e4 c5 2. Nf3 e6 3. d4 cxd4 4. Nxd4 a6 5. Nc3 Nc6 6. Nxc6 bxc6 7. Bd3 Qc7 8. O-O Nf6 9. Qe2 e5 10. Na4 d6 11. c4 c5 12. Nc3 h6 13. f4 exf4 14.
Bxf4 Be7 15. e5 dxe5 16. Bxe5 Qb6 17. Bxf6 gxf6 18. Nd5 Qd6 19. Rxf6 Be6 20. Rf2 O-O-O 21. Bf5 Bg5 22. Qg4 Rhg8 23. Qh3 Kb8 24. Raf1 Bxd5 25.
cxd5 Qxd5 26. Bg4 f6 27. Bf3 Qd4 28. Kh1 Rge8 29. Rc2 Qd3 30. Rcf2 Qe3 31. Qg3+ Bf4 32. Qh4 Bg5 33. Qc4 Rd4 34. Qxa6 Re7 35. Rc2 Rb4 36.
Qa8+ Kc7 37. Qa7+ Kc8 38. Rxc5+ Kd8 39. Qa8+ Kd7 40. Qc6+ Kd8 41. Rd5+ 1-0

[Event "*** Titled Tuesday Blitz"]
[Site "Chess.com"]
[Date "2019.08.06"]
[Round "1"]
[White "novocane"]
[Black "enriquetejedor"]
[Result "0-1"]
[WhiteElo "2185"]
[BlackElo "2585"]
[TimeControl "180+2"]
[EndTime "13:08:25 PDT"]
[Termination "enriquetejedor won on time"]

1. d4 d5 2. c4 dxc4 3. e4 e5 4. Nf3 exd4 5. Bxc4 Nc6 6. O-O Nf6 7. e5 Ne4 8. Re1 Nc5 9. b4 Ne6 10. a3 a6 11. Bb2 Be7 12. Nbd2 O-O 13. Ne4 b5 14. Bd3 Nf4 15. Bb1 Bg4 16. Qd2 Ne6 17. Qd3 g6 18. Ng3 Qd7 19. h3 Nf4 20. Qe4 Bxf3 21. Qxf3 Nd5 22.
Nf5 Bg5 23. Qg4 Qd8 24. e6 fxe6 25. Rxe6 Qd7 26. Nh6+ Kh8 27. Rxc6 Qxc6 28. Qxg5 Nc3 29. Qe5+ Qf6 30. Qe1 Rae8 31. Qd2 Re2 0-1

[Event "*** Titled Tuesday Blitz"]
[Site "Chess.com"]
[Date "2019.08.06"]
[Round "1"]
[White "Chigorinetz"]
[Black "Saitama_Hero"]
[Result "1-0"]
[WhiteElo "2642"]
[BlackElo "2293"]
[TimeControl "180+2"]
[EndTime "13:08:29 PDT"]
[Termination "Chigorinetz won by resignation"]

1. e4 e6 2. d4 d5 3. e5 c5 4. c3 Nc6 5. Nf3 Qb6 6. a3 Nh6 7. b4 cxd4 8. cxd4 Nf5 9. Be3 Nxe3 10. fxe3 Bd7 11. Bd3 Rc8 12. O-O Be7 13. Ra2 f6 14. exf6 Bxf6 15. g4 O-O 16. g5 Be7 17. Rg2 e5 18. Bxh7+ Kxh7 19. g6+ Kg8 20. Nfd2 Rxf1+ 21.
Nxf1 Bf6 22. Nc3 Be6 23. Na4 Qd8 24. Nc5 Qe7 25. Qh5 Kf8 26. Rf2 Bg8 27. Qh8 exd4 28. e4 dxe4 29. Ng3 e3 30. Rxf6+ Qxf6 31. Nd7+ Ke7 32.
Nxf6 Kxf6 33. Qh4+ Ke5 34. b5 d3 35. Qe4+ Kd6 36.
Qxd3+ 1-0

[Event "*** Titled Tuesday Blitz"]
[Site "Chess.com"]
[Date "2019.08.06"]
[Round "1"]
[White "Hrant_ChessMood"]
[Black "Rhemmy"]
[Result "0-1"]
[WhiteElo "2947"]
[BlackElo "2511"]
[TimeControl "180+2"]
[EndTime "13:08:30 PDT"]
[Termination "Rhemmy won by checkmate"]

1. d4 Nf6 2. c4 g6 3. Nc3 d5 4. Nf3 Bg7 5. h4 dxc4 6. e4 c5 7.
d5 b5 8. h5 O-O 9. hxg6 fxg6 10. e5 Ng4 11. d6 Bb7 12. Bg5 Rxf3 13. dxe7 Qe8 14. gxf3 Nxe5 15. Be2 Nbc6 16. Qd5+ Nf7 17. Nxb5 Na5 18. Qe6 Qxb5 19. Rd1 Re8 20. Rd8 Qc6 21. O-O h6 22. Rfd1 Qxe6 23. Rxe8+ Kh7 24. Be3 Bc6 25. Bxc4 Qxc4 26. Rc8 Qe6 27. Bxc5 Bxf3 28. e8=Q Qg4+ 29. Kf1 Qg2+ 30. Ke1 Qg1+ 31. Kd2 Qxd1+ 32. Ke3 Qe2+ 33. Kf4 g5+ 34. Kg3 Be5+ 35. Kh3 Bg4+ 36. Kg2 Qf3+ 37. Kf1 Qd1+ 38. Kg2 Qd5+ 39. Kg1 Qd1+ 40. Kg2 Bf3+ 41. Kh3 Qh1# 0-1

[Event "*** Titled Tuesday Blitz"]
[Site "Chess.com"]
[Date "2019.08.06"]
[Round "1"]
[White "Arystanner"]
[Black "NMZanette"]
[Result "1-0"]
[WhiteElo "2677"]
[BlackElo "2339"]
[TimeControl "180+2"]
[EndTime "13:08:30 PDT"]
[Termination "Arystanner won by resignation"]

1. e4 e5 2. Nf3 Nc6 3. Bb5 f5 4. d3 fxe4 5. dxe4 Nf6 6. O-O Bc5 7. Nc3 d6 8. Nd5 O-O 9. Bg5 Kh8 10. Ne1 Nd4 11. Bd3 c6 12. Nxf6 gxf6 13. Bh6 Rg8 14. c3 Bg4 15. Qd2 Nf3+ 16. Nxf3 Bxf3 17. g3 Qe8 18. Rfe1 Qh5 19. Bf1 Rg6 20. Be3 Bxe3 21. Qxe3 Rh6 22. h4 Rg8 23. Bg2 Bxg2 24. Kxg2 Qg4 25. Rh1 Rxh4 26. Rxh4 Qxh4 27. Rh1 Qg5 28. Qxa7 Qg6 29. Rh4 f5 30. exf5 Qxf5 31. Qxb7 Rf8 32. Qa7 Qf3+ 33. Kg1 Rf7 34. Qe3 Qd1+ 35. Kg2 Qd5+ 36.
Kh2 Qxa2 37. Rb4 Qa8 38. f4 Qf8 39. fxe5 Rf2+ 40. Kh3 Qf5+ 41. g4 Rf3+ 42. Kg2 Qxg4+ 43. Rxg4 Rxe3 44. exd6 Rd3 45. Rd4 1-0